 Dungeon Crawl Stone Soup version 0.19-a0-1384-gbb462ca (webtiles) character file.

51 aronpayne the Shield-Bearer (level 4, -1/37 HPs)
             Began as a Formicid Fighter on Sept 3, 2016.
             Slain by a hobgoblin
             ... wielding a cursed +0 club
             ... led by Robin
              (5 damage)
             ... on level 2 of the Dungeon.
             The game lasted 00:03:06 (798 turns).

aronpayne the Shield-Bearer (Formicid Fighter)       Turns: 798, Time: 00:03:06

Health: -1/37      AC:  6    Str: 26    XL:     4   Next: 7%
Magic:  4/4        EV:  8    Int:  8    God:
Gold:   29         SH: 10    Dex: 10    Spells: 0 memorised, 3 levels left

rFire  . . .     SeeInvis +     a - +0 long sword
rCold  . . .     Gourm    .     b - +0 scale mail
rNeg   . . .     Faith    .     c - +0 shield
rPois  .         Spirit   .     (helmet unavailable)
rElec  .         Dismiss  .     (no cloak)
rCorr  .         Reflect  .     (no gloves)
MR     .....     Harm     .     (no boots)
Stlth  ..........               (no amulet)
                                (no ring)
                                (no ring)

@: mighty
A: permanent stasis, dig shafts and tunnels, four strong arms, antennae 3
a: Dig, Shaft Self


You were on level 2 of the Dungeon.
You were not hungry.

You visited 1 branch of the dungeon, and saw 2 of its levels.

You collected 29 gold pieces.

Inventory:

Hand Weapons
 a - a +0 long sword (weapon)
Armour
 b - a +0 scale mail (worn)
 c - a +0 shield (worn)
Scrolls
 e - a scroll of teleportation {unknown}
 k - a scroll of remove curse {unknown}
 m - a scroll of enchant weapon {unknown}
Potions
 d - a potion of might
 i - a potion of cancellation {unknown}
 j - 2 potions of lignification {unknown}
 l - a potion of ambrosia {unknown}
Comestibles
 f - a bread ration
 g - a meat ration
 h - 4 chunks of flesh


   Skills:
 * Level 4.1 Fighting
 + Level 2.3 Long Blades
 + Level 3.4 Armour
 + Level 1.0 Dodging
 + Level 4.1 Shields


You had 3 spell levels left.
You didn't know any spells.

Dungeon Overview and Level Annotations

Branches:
Dungeon (2/15)

Altars:

Annotations:
D:2 Robin


Innate Abilities, Weirdness & Mutations

You are under a permanent stasis effect.
You can dig through walls and to a lower floor.
Your four strong arms can wield two-handed weapons with a shield.
You have a pair of large antennae on your head. (SInv)


Message History

* * * LOW HITPOINT WARNING * * *
The hobgoblin hits you with a club.
* * * LOW HITPOINT WARNING * * *
Robin hits you but does no damage.
Things that are here:
a dagger; a goblin corpse Robin roars a battlecry!
The hobgoblin goes into a battle-frenzy!
Things that are here:
a hunting sling; 18 stones; a dagger The hobgoblin no longer looks unusually strong.
You see here a leather armour.
You found a teleport trap!
Robin roars a battlecry!
The hobgoblin goes into a battle-frenzy!
You see here a scroll labeled GIVENE RE TAOK.
There is a stone staircase leading up here.
The hobgoblin no longer looks unusually strong.
The hobgoblin hits you with a club.
You die...

# #....#.# #
#....#.#.#
#<.....#.#
#...[g...#
#...g..###
#....g...#
#....#.#.#
♣.♣^♣...g.#
.....(....@#
♣.♣.♣.♣##.###
.........$.
.♣.♣ ♣##.# .
..# #.# ..


You could see Robin and 3 hobgoblins.

Vanquished Creatures
  A worm (D:2)
  3 dart slugs
  A giant gecko (D:1)
  A bat (D:2)
  2 giant cockroaches (D:1)
  9 goblins
  4 hobgoblins
  7 jackals (D:1)
  4 kobolds (D:1)
  2 rats (D:1)
34 creatures vanquished.

Notes
Turn   | Place    | Note
-------+----------+-------------------------------------------
     0 | D:1      | aronpayne the Formicid Fighter began the quest for the Orb.
     0 | D:1      | Reached XP level 1. HP: 18/18 MP: 1/1
    95 | D:1      | Reached XP level 2. HP: 24/24 MP: 2/2
   265 | D:1      | Reached XP level 3. HP: 26/30 MP: 3/3
   761 | D:2      | Noticed Robin
   763 | D:2      | Reached skill level 1 in Dodging
   770 | D:2      | Reached XP level 4. HP: 16/37 MP: 4/4
   798 | D:2      | Slain by a hobgoblin

Vault maps used:
D:1:      grunt_arrival_lava_bath, minmay_misc_feat_x
D:2:      serial_forest, infiniplex_forest_lined_2, infiniplex_forest_lined_1,
          infiniplex_forest_lined_room_2, infiniplex_forest_lined_1,
          infiniplex_forest_lined_room_2, infiniplex_forest_pool,
          infiniplex_forest_straight_4, infiniplex_forest_lined_corner,
          infiniplex_forest_lined_room_, infiniplex_forest_end_2,
          minmay_statues_item, uniq_robin, uniq_natasha

Skill      XL: |  1  2  3 |
---------------+----------+-----
Fighting       | 4 |  4.1
Shields        | 4 |  4.1
Dodging        | 1 |  1.0
Long Blades    | |  2.3
Armour         | |  3.4

Action                   |  1- 3 |  4- 6 || total
-------------------------+-------+-------++-------
Melee: Long sword        |    85 |     9 ||    94
 Abil: Dig               |     2 |       ||     2
  Use: Potion            |     1 |       ||     1
Armor: Scale mail        |    25 |     7 ||    32
Dodge: Dodged            |    25 |     2 ||    27
Block: Shield            |    35 |     7 ||    42
